 Dungeon Crawl Stone Soup version 0.22.1-1-ga44c0e56f4 (webtiles) character file.

185 D1HalberdGnoll the Skirmisher (level 5, -1/42 HPs)
             Began as a Demonspawn Fighter on Oct 26, 2018.
             Killed by divine providence
             ... invoked by an orc priest
              (13 damage)
             ... on level 3 of the Dungeon.
             The game lasted 00:02:06 (1812 turns).

D1HalberdGnoll the Skirmisher (Demonspawn Fighter)  Turns: 1812, Time: 00:02:07

Health: -1/42      AC:  8    Str: 21 (22) XL:     5   Next: 37%
Magic:  5/5        EV:  7    Int:  8 (9)  God:
Gold:   111        SH:  9    Dex: 11 (13) Spells: 4/4 levels left

rFire    + . .     SeeInvis .   a - +0 long sword
rCold    . . .     Gourm    .   c - +0 shield
rNeg     . . .     Faith    .   b - +0 scale mail
rPois    .         Spirit   .   (helmet restricted)
rElec    .         Reflect  .   (no cloak)
rCorr    .         Harm     .   (no gloves)
MR       .....                  (no boots)
Stlth    ..........             (no amulet)
HPRegen  0.14/turn              (no ring)
MPRegen  0.09/turn              (no ring)

@: mighty
A: antennae 2, yellow scales 1, fire resistance 1
a: no special abilities


You were on level 3 of the Dungeon.
You were not hungry.

You visited 1 branch of the dungeon, and saw 3 of its levels.

You collected 111 gold pieces.

Inventory:

Hand Weapons
 a - a +0 long sword (weapon)
Armour
 b - a +0 scale mail (worn)
 c - a +0 shield (worn)
 k - a +0 pair of gloves
Jewellery
 t - an uncursed amulet of guardian spirit {unknown}
Scrolls
 e - a scroll of enchant armour {unknown}
 g - 2 scrolls of blinking {unknown}
 h - 5 scrolls of identify {unknown}
 i - a scroll of enchant weapon {unknown}
 j - a scroll of remove curse {unknown}
 l - a scroll of immolation {unknown}
 m - a scroll of amnesia {unknown}
 o - a scroll of teleportation {unknown}
 s - a scroll of fog {unknown}
Potions
 n - a potion of heal wounds {unknown}
 p - a potion of lignification {unknown}
Comestibles
 f - 7 rations


   Skills:
 + Level 3.8 Fighting
 * Level 3.5 Long Blades
 + Level 3.4 Armour
 + Level 3.4 Shields


You had 4 spell levels left.
You didn't know any spells.
Your spell library was empty.

Dungeon Overview and Level Annotations

Branches:
Dungeon (3/15)

Altars:
Ashenzari
Nemelex Xobeh
Qazlal
Ru


Innate Abilities, Weirdness & Mutations

You have a pair of antennae on your head.
You are partially covered in yellow scales. (AC +2)
Your flesh is heat resistant. (rF+)


Message History

It was a potion of degeneration.
There was something very wrong with that liquid.
You feel weakened.
You feel dopey.
You feel clumsy.
The orc priest hits you but does no damage.
Okay, then.
It was a potion of curing.
You feel better. You block the orc priest's attack.
You slash the orc priest!
You kill the orc priest!
You barely miss the orc. You block the orc's attack. The orc barely misses you.
You closely miss the orc. The orc hits you.
* * * LOW HITPOINT WARNING * * *
You closely miss the orc. The orc hits you but does no damage.
Your shield and scale mail prevent you from hitting the orc.
You block the orc's attack.
You slash the orc!
You kill the orc!
Your shield prevents you from hitting the orc priest.
The orc priest calls down the wrath of Beogh upon you.
Beogh smites you!
You die...

#####.#.###.#
#........##.#
######........##.#
#.............##.#
#..............#
#......###.###.#
#......# #.# .#
##.###########.# .
......o@...<...# .
..##############


You could see an orc priest.

Vanquished Creatures
  A jelly (D:3)
  An orc priest (D:3)
  3 gnolls (D:2)
  An adder (D:2)
  2 oozes (D:2)
  A worm (D:2)
  4 dart slugs
  A leopard gecko (D:1)
  2 orcs (D:3)
  A ball python (D:1)
  3 bats
  A giant cockroach (D:1)
  4 hobgoblins
  2 jackals (D:1)
  6 kobolds
  4 frilled lizards
  7 goblins
  7 rats
51 creatures vanquished.

Vanquished Creatures (others)
  An orc wizard (D:3)
  A leopard gecko (D:2)
2 creatures vanquished.

Grand Total: 53 creatures vanquished

Notes
Turn   | Place    | Note
-------+----------+-------------------------------------------
     0 | D:1      | D1HalberdGnoll the Demonspawn Fighter began the quest for
                  | the Orb.
     0 | D:1      | Reached XP level 1. HP: 18/18 MP: 1/1
    83 | D:1      | Found a sparkling altar of Nemelex Xobeh.
   135 | D:1      | Gained mutation: You are partially covered in yellow
                  | scales. (AC +2) [demonic ancestry]
   135 | D:1      | Reached XP level 2. HP: 24/24 MP: 2/2
   524 | D:2      | Gained mutation: You have a pair of small antennae on your
                  | head. [demonic ancestry]
   524 | D:2      | Reached XP level 3. HP: 13/29 MP: 3/3
   971 | D:2      | Gained mutation: Your flesh is heat resistant. (rF+)
                  | [demonic ancestry]
   971 | D:2      | Reached XP level 4. HP: 35/35 MP: 4/4
  1298 | D:2      | Found a shattered altar of Ashenzari.
  1438 | D:2      | Found a sacrificial altar of Ru.
  1438 | D:2      | Found a stormy altar of Qazlal.
  1795 | D:3      | Gained mutation: You have a pair of antennae on your head.
                  | [demonic ancestry]
  1795 | D:3      | Reached XP level 5. HP: 15/42 MP: 5/5
  1812 | D:3      | Killed from afar by an orc priest

Skill      XL: |  1  2  3  4 |
---------------+-------------+-----
Long Blades    | 2 3 |  3.5
Armour         | 3 |  3.4
Shields        | 3 |  3.4
Fighting       | |  3.8

Action                   |  1- 3 |  4- 6 || total
-------------------------+-------+-------++-------
Melee: Long sword        |    85 |    68 ||   153
  Use: Potion            |       |     3 ||     3
  Eat: Chunk             |       |     3 ||     3
Armor: Scale mail        |    40 |    29 ||    69
Dodge: Dodged            |    17 |    17 ||    34
Block: Shield            |    45 |    36 ||    81
       Rpst.: Long sword |     6 |     6 ||    12
